 Dungeon Crawl Stone Soup version 0.24.0-123-gd5b16e6ec5 (webtiles) character file.

Game seed: 18214347612743601623, levelgen mode: deterministic

20 Peloso the Skirmisher (level 2, 0/27 HPs)
             Began as a Minotaur Fighter on Jan 5, 2020.
             Slain by a hobgoblin (2 damage)
             ... on level 1 of the Dungeon.
             The game lasted 00:01:49 (268 turns).

Peloso the Skirmisher (Minotaur Fighter)             Turns: 268, Time: 00:01:50

Health: 0/27       AC:  7    Str: 20    XL:     2   Next: 58%
Magic:  0/0        EV:  7    Int:  5    God:
Gold:   0          SH:  9    Dex:  9    Spells: 1/1 levels left

rFire    . . .     SeeInvis .   a - +0 long sword
rCold    + . .     Gourm    .   c - +0 shield
rNeg     . . .     Faith    .   b - +0 scale mail
rPois    .         Spirit   .   (helmet restricted)
rElec    .         Reflect  .   (no cloak)
rCorr    .         Harm     .   (no gloves)
MR       .....                  (no boots)
Stlth    ..........             (no amulet)
HPRegen  0.09/turn              (no ring)
MPRegen  0.07/turn              (no ring)

@: no status effects
A: retaliatory headbutt, horns 2, cold resistance 1, deterioration 1, low mp 1
a: no special abilities


You were on level 1 of the Dungeon.
You were not hungry.

You visited 1 branch of the dungeon, and saw 1 of its levels.

Inventory:

Hand Weapons
 a - a +0 long sword (weapon)
Armour
 b - a +0 scale mail (worn)
 c - a +0 shield (worn)
Jewellery
 g - an uncursed ring of protection from fire {unknown}
Potions
 d - a potion of might
Comestibles
 f - a ration


   Skills:
 + Level 4.1 Fighting
 + Level 2.8 Long Blades
 + Level 3.9 Armour
 + Level 3.9 Shields


You had one spell level left.
You didn't know any spells.
Your spell library was empty.

Dungeon Overview and Level Annotations

Branches:
Dungeon (1/15)

Altars:


Innate Abilities, Weirdness & Mutations

You reflexively headbutt those who attack you in melee.
You have a pair of horns on your head.
Your flesh is cold resistant. (rC+)
Your body sometimes deteriorates upon taking damage.
Your magical capacity is low. (-10% MP)


Message History

You kill the goblin!
The frilled lizard bites you but does no damage.
You block the hobgoblin's attack.
Unknown command.
The frilled lizard barely misses you. You block the hobgoblin's attack.
Unknown command.
The frilled lizard bites you but does no damage.
The hobgoblin hits you but does no damage.
Unknown command.
You block the frilled lizard's attack.
The hobgoblin hits you but does no damage.
Unknown command.
You block the frilled lizard's attack. The hobgoblin barely misses you.
You riposte.
You hit the hobgoblin but do no damage.
Unknown command.
The frilled lizard hisses.
The frilled lizard closely misses you.
You riposte.
You closely miss the frilled lizard. You block the hobgoblin's attack.
You block the frilled lizard's attack. The hobgoblin hits you.
You die...

#.....# ..... #.....#
..... #+# ####†....+
......###.#####...)#...#
......+...†.).'....'....
......###.#####....#...#
..........### #....#...#
......lg....# #....#...#
......)@....# #....#####
......†.....# #....#
.###........# #....#
#................
#########... .... ...


You could see a hobgoblin and a frilled lizard.

Vanquished Creatures
  A dart slug (D:1)
  A leopard gecko (D:1)
  A giant cockroach (D:1)
  2 goblins (D:1)
  A hobgoblin (D:1)
  5 jackals (D:1)
  A kobold (D:1)
  A bat (D:1)
  A rat (D:1)
14 creatures vanquished.

Notes
Turn   | Place    | Note
-------+----------+-------------------------------------------
     0 | D:1      | Peloso the Minotaur Fighter began the quest for the Orb.
     0 | D:1      | Reached XP level 1. HP: 19/19 MP: 0/0
   195 | D:1      | Reached skill level 4 in Fighting
   200 | D:1      | Reached XP level 2. HP: 22/27 MP: 1/1
   227 | D:1      | Gained mutation: Your magical capacity is low. (-10% MP)
                  | [potion of mutation]
   227 | D:1      | Gained mutation: Your body sometimes deteriorates upon
                  | taking damage. [potion of mutation]
   227 | D:1      | Gained mutation: Your flesh is cold resistant. (rC+)
                  | [potion of mutation]
   227 | D:1      | HP: 1/27 [giant cockroach (1)]
   268 | D:1      | Slain by a hobgoblin

Levels and vault maps discovered:
D:1:      onia_arrival_mini_spirals, layout_basic, minmay_tromino_v2

Skill      XL: |  1 |
---------------+----+-----
Fighting       | 4 |  4.1
Long Blades    | |  2.8
Armour         | |  3.9
Shields        | |  3.9

Action                   || total
-------------------------++-------
Melee: Long sword        ||    34
       Headbutt          ||     3
  Use: Potion            ||     3
Armor: Scale mail        ||    37
Dodge: Dodged            ||    33
Block: Shield            ||    50
       Rpst.: Long sword ||    11
